Map: Battle on the Boardwalk LE

Players

Juxtapose - Winner!

  • Race: Terran Terran
  • League: Gold
  • Spawn Location: 11:00

Migrante

  • Race: Terran Terran
  • League: Gold
  • Spawn Location: 1:00

VOD

https://youtu.be/mn6jOm3VY7E

Description

This is my first time playing on this map, and it is a good rush map.

I'm also finding luck again with using early Cyclones in rushes, at least versus both Terran and Protoss.

Time

  • Played on: Nov. 29, 2017, 7:21 p.m.
  • Length: 6:28
Show
View Real Time Build Order
Export as new Build Order

Juxtapose Terran - Winner!

Build Orders:  

Get SALT Encoding   

  12  0:01  SCV  
  13  0:13  SCV  
  14  0:23  Supply Depot  
  14  0:25  SCV  
  15  0:44  SCV  
  16  0:52  Barracks  
  16  0:53  Supply Depot  
  16  0:57  SCV  
  16  1:02  Refinery  
  17  1:11  SCV  
  18  1:23  SCV  
  18  1:24  Refinery  
  19  1:36  SCV  
  19  1:39  Marine  
  21  1:49  Orbital Command  
  21  1:56  Supply Depot  
  21  2:00  Marine  
  22  2:04  Factory  
  22  2:21  Barracks Reactor  
  22  2:24  SCV  
  23  2:37  Engineering Bay, SCV  
  24  2:49  SCV  
  24  2:51  Supply Depot  
  25  2:52  Factory Reactor  
  25  2:58  Marine x2  
  27  3:03  SCV  
  28  3:07  Terran Infantry Weapons Level 1  
  28  3:12  Missile Turret  
  28  3:15  Marine  
  28  3:16  Marine  
  30  3:34  Cyclone x2, Marine  
  36  3:35  Marine  
  36  3:40  Starport  
  38  3:46  Supply Depot  
  38  3:52  Marine x2  
  40  4:06  Cyclone  
  40  4:07  Cyclone  
  46  4:14  Marine  
  46  4:15  Marine  
  48  4:27  Starport Tech Lab  
  48  4:32  Marine x2  
  50  4:50  Command Center  
  50  4:53  Marine  
  50  4:54  Marine  
  50  4:55  Medivac  
  54  5:11  Marine  
  55  5:21  Supply Depot  
  55  5:31  Marine  
  52  5:36  Marine  
  52  5:38  Cyclone  
  55  5:43  Cyclone  
  55  5:49  Marine  
  59  5:54  Marine  
  54  6:06  Marine  
Show
View Real Time Build Order
Export as new Build Order

Migrante Terran 

Build Orders: Reaper Expand, MMM Bio 

Get SALT Encoding   

  12  0:01  SCV  
  13  0:13  SCV  
  14  0:20  Supply Depot  
  14  0:25  SCV  
  15  0:42  SCV  
  16  0:43  Barracks  
  16  0:51  Refinery  
  16  0:54  SCV  
  17  1:16  SCV  
  18  1:30  Supply Depot  
  18  1:31  Orbital Command  
  18  1:42  Reaper  
  19  2:10  Barracks x2  
  19  2:21  SCV  
  20  2:33  SCV  
  20  2:35  Command Center  
  21  2:37  Refinery  
  21  2:45  SCV  
  22  3:00  Barracks Tech Lab  
  22  3:01  Barracks Tech Lab  
  22  3:06  Barracks Tech Lab  
  22  3:12  Barracks Reactor  
  21  3:50  SCV  
  21  3:53  Orbital Command  
  22  3:56  Stimpack  
  22  4:01  Marine x2  
  22  4:02  Marine x2  
  26  4:11  Orbital Command  
  26  4:16  Supply Depot x2  
  26  4:17  SCV  
  26  4:19  Marine x4  
  31  4:27  Combat Shields  
  31  4:29  SCV  
  32  4:37  Engineering Bay, Marine x2  
  32  4:38  Marauder x2, SCV  
  39  4:41  Engineering Bay, SCV  
  40  4:50  SCV  
  41  4:55  Marine x2  
  41  4:57  SCV  
  41  4:59  Marauder x2  
  48  5:06  Supply Depot  
  48  5:13  Marine x2  
  48  5:14  SCV x2  
  51  5:21  Marauder x2  
  56  5:26  SCV x2  
  58  5:31  Marine x2  
  50  5:38  SCV  
  50  5:42  Marauder x2  
  51  5:48  Marine  
Tags
 
Composition
MMM Bio
League
GoldGold
Matchup
TvT
Race
Terran
Spawn Locations
Close Positions
Add a new tag
Caveats
  • Supply blocks, unpowered buildings, or Contaminate may cause inaccurate times.
  • Supply counts are checked every 10 seconds.